 Dungeon Crawl Stone Soup version 0.30-a0-782-ge64f9170bb (webtiles) character file.

Game seed: 11442590070671357067

377 Flugslaktarn the Chopper (level 6, -4/56 HPs)
             Began as a Minotaur Fighter on Feb 18, 2023.
             Slain by Duvessa
             ... wielding a +0 rapier
              (6 damage)
             ... on level 4 of the Dungeon.
             The game lasted 00:01:32 (2051 turns).

Flugslaktarn the Chopper (Minotaur Fighter)         Turns: 2051, Time: 00:01:32

Health: -4/56      AC:  7    Str: 23    XL:     6   Next: 45%
Magic:  5/5        EV:  9    Int:  5    God:
Gold:   205        SH:  4    Dex:  9    Spells: 5/5 levels left

rFire   . . .      SeeInvis .    a - +0 war axe
rCold   . . .      Faith    .    c - +0 buckler
rNeg    . . .      Spirit   .    b - +0 scale mail
rPois   +          Reflect  .    (helmet restricted)
rElec   .          Harm     .    (no cloak)
rCorr   .          Rampage  .    (no gloves)
Will    .....                    (no boots) Stlth
                                 (no amulet)
HPRegen 0.29/turn                o - ring of poison resistance
MPRegen 0.09/turn                (no ring)

@: invisible
A: horns 2, retaliatory headbutt
a: no special abilities


You were on level 4 of the Dungeon.
You visited 1 branch of the dungeon, and saw 4 of its levels.
You also visited: Sewer.

You collected 205 gold pieces.

Inventory:

Hand Weapons
 a - a +0 war axe (weapon)
Armour
 b - a +0 scale mail (worn)
 c - a +0 buckler (worn)
 s - a +0 tower shield
   (You found it on level 3 of the Dungeon)
Jewellery
 o - a ring of poison resistance (left hand)
   (You found it on level 2 of the Dungeon)
Scrolls
 f - 2 scrolls of amnesia {unknown}
 h - 5 scrolls of identify {unknown}
 k - a scroll of magic mapping {unknown}
 l - a scroll of enchant weapon {unknown}
 q - a scroll of noise {unknown}
 r - 2 scrolls of fear {unknown}
 t - 5 scrolls of teleportation
Potions
 d - 3 potions of might
 e - a potion of invisibility
 g - 5 potions of flight
 i - a potion of mutation {unknown}
 j - 2 potions of heal wounds {unknown}
 m - 3 potions of brilliance {unknown}
 n - a potion of lignification {unknown}
 p - a potion of curing {unknown}
 u - a potion of degeneration {unknown}


   Skills:
 + Level 5.1 Fighting
 * Level 5.6 Axes
 + Level 5.0 Armour
 + Level 5.0 Shields


You had 5 spell levels left.
You didn't know any spells.
Your spell library was empty.

Dungeon Overview and Level Annotations

Branches:
Dungeon (4/15)              Sewer (visited)
 Temple: D:4-7

Altars:
Xom

Annotations:
D:4 Dowan, Duvessa


Innate Abilities, Weirdness & Mutations

You have a pair of horns on your head.
You reflexively headbutt those who attack you in melee.


Message History

Found a stone staircase leading down.
h - 5 scrolls labelled ELUT MOJUAQOGU (gained 1)
Found a stone staircase leading up.
You now have 205 gold pieces (gained 16).
Dowan, Brother of Duvessa comes into view.
He is wielding a +0 dagger.
Dowan shouts!
Dowan moves out of view.
Duvessa, Sister of Dowan comes into view.
She is wielding a +0 rapier.
Duvessa shouts!
You hear a shout!
A quokka comes into view.
A hobgoblin comes into view.
You hit the quokka but do no damage. Your headbutt misses the quokka.
The quokka bites you but does no damage.
A ball python comes into view.
You block the quokka's attack.
The ball python moves out of view.
You barely miss Duvessa. Your headbutt misses Duvessa. You hit Dowan.
You closely miss the quokka. The quokka closely misses you.
Duvessa says, "My weaknesses are his strengths!"
Duvessa barely misses you. Dowan hits you but does no damage.
You miss Dowan.
Dowan is lightly wounded.
You closely miss the quokka. You barely miss Duvessa.
The quokka barely misses you. You furiously retaliate!
You headbutt the quokka, but do no damage.
You block Dowan's attack. Duvessa hits you with a +0 rapier.
The quokka barely misses you.
You barely miss Dowan.
Dowan is lightly wounded.
You hit Duvessa. You closely miss the quokka.
Duvessa hits you with a +0 rapier. Dowan hits you with a +0 dagger.
The quokka misses you.
The hobgoblin hits you but does no damage.
Duvessa hits you with a +0 rapier!
Dowan mumbles some strange words.
Dowan blinks!
You slash Duvessa! You headbutt Duvessa.
Duvessa is heavily wounded.
You barely miss the hobgoblin. You miss the quokka.
The quokka closely misses you. You block the hobgoblin's attack.
Duvessa barely misses you. The quokka bites you.
You completely miss Duvessa.
The ball python hisses angrily.
You headbutt Duvessa!
Duvessa is severely wounded.
You completely miss the hobgoblin. You closely miss the quokka.
The quokka bites you but does no damage.
The hobgoblin misses you. You furiously retaliate!
You headbutt the hobgoblin. Duvessa hits you but does no damage.
The hobgoblin attacks as you move away!
The hobgoblin hits you but does no damage.
Duvessa attacks as you move away! Duvessa hits you with a +0 rapier.
The quokka attacks as you move away! The quokka barely misses you.
Dowan mumbles some strange words.
Dowan blinks!
The quokka closely misses you. You furiously retaliate!
You headbutt the quokka!
You kill the quokka!
You block the hobgoblin's attack. Duvessa hits you but does no damage.
You see here a quokka corpse.
You closely miss the hobgoblin. You headbutt the hobgoblin.
You kill the hobgoblin!
You closely miss Duvessa. Duvessa completely misses you.
You hit Duvessa but do no damage.
Duvessa is severely wounded.
You slash the ball python!
You kill the ball python!
Duvessa hits you with a +0 rapier!
Dowan throws and catches a handful of magical flame, then smirks.
Duvessa hits you with a +0 rapier!
You are too injured to fight recklessly!
You are too injured to fight recklessly!
You barely miss Duvessa.
Duvessa is severely wounded.
Duvessa hits you with a +0 rapier!
* * * LOW HITPOINT WARNING * * *
You barely miss Duvessa.
Duvessa is severely wounded.
You block Duvessa's attack.
You slash Duvessa!
Duvessa is almost dead.
Duvessa hits you with a +0 rapier!
* * * LOW HITPOINT WARNING * * *
Dowan gestures wildly while chanting.
Dowan blinks!
It was a potion of invisibility.
You fade into invisibility!
You block Duvessa's attack.
Unknown command.
You hit Duvessa but do no damage. You headbutt Duvessa.
Duvessa is almost dead.
Duvessa hits you but does no damage. Duvessa hits you with a +0 rapier.
* * * LOW HITPOINT WARNING * * *
You closely miss Duvessa.
Duvessa is almost dead.
You block Duvessa's attack.
You hit Duvessa but do no damage. You headbutt Duvessa, but do no damage.
Duvessa is almost dead.
You block Duvessa's attack.
You hit Duvessa.
Duvessa is almost dead.
Duvessa hits you with a +0 rapier.
You die...

.. #.#.#<....#.# ..
#####.#.#..##.#.# #.
#.....#.#........ . #.
#.............#.# ..## #.
#.....#.#...#.#.#
.....#.###.....#.....+.#.#
#..e....##.....###...###.#
........##.....###...###.#
........e@................
.######.###.###.....###†..###.#
...... ...###.....#.....# #.#
#......######..########.....# #.#
#................######...##.....
..............#.................
#+#............#......#..........
...............#......#..........
...............#......#..........


You could see Duvessa (unable to see you) and Dowan (unable to see you).

Vanquished Creatures
  A howler monkey (D:3)
  A hound (D:3)
  An iguana (D:3)
  A malarious merfolk avatar (Sewer)
  A sickly merfolk siren (Sewer)
  8 adders
  4 river rats (Sewer)
  A worm (D:2)
  A dart slug (D:1)
  5 orcs
  6 bats
  11 endoplasms
  6 giant cockroaches
  11 goblins
  4 hobgoblins
  2 jackals (D:1)
  5 quokkas
  18 ball pythons
  6 frilled lizards
  7 kobolds
  31 rats
131 creatures vanquished.

Notes
Turn   | Place    | Note
-------+----------+-------------------------------------------
     0 | D:1      | Flugslaktarn the Minotaur Fighter began the quest for the
                  | Orb.
     0 | D:1      | Reached XP level 1. HP: 19/19 MP: 0/0
    73 | D:1      | Reached XP level 2. HP: 27/27 MP: 1/1
   191 | D:1      | Reached XP level 3. HP: 33/33 MP: 2/2
   619 | D:2      | Reached XP level 4. HP: 40/40 MP: 3/3
  1091 | D:3      | Found a shimmering altar of Xom.
  1182 | D:3      | Reached XP level 5. HP: 46/47 MP: 4/4
  1343 | D:3      | You fall into a shaft and drop 1 floor!
  1352 | D:4      | Reached skill level 5 in Axes
  1366 | D:4      | Found a glowing drain.
  1382 | Sewer    | Entered a sewer
  1486 | Sewer    | Reached XP level 6. HP: 54/55 MP: 5/5
  1557 | Sewer    | Reached skill level 5 in Fighting
  1645 | Sewer    | Reached skill level 5 in Shields
  1979 | D:4      | Reached skill level 5 in Armour
  2028 | D:4      | Noticed Dowan
  2029 | D:4      | Noticed Duvessa
  2048 | D:4      | HP: 1/56 [Duvessa/+0 rapier (6)]
  2051 | D:4      | Slain by Duvessa

Illustrated notes

Levels and vault maps discovered:
D:1:      elethiomel_arrival_quiet, layout_rooms,
          chequers_serial_rivers_micro_d, chequers_arboretum
D:2:      layout_rooms, serial_curves, eino_curves_02, eino_curves_02,
          eino_curves_03, grunt_decor_mini_mirrors
D:3:      layout_basic, mainiacjoe_overflow_tiny_flanked
D:4:      layout_basic, portal_sewer_entry_d, uniq_duvessa

Skill      XL: |  1  2  3  4  5  6 |
---------------+-------------------+-----
Axes           | 3 4 5 |  5.6
Fighting       | 4 5 |  5.1
Shields        | 4 5 |  5.0
Armour         | 4 5 |  5.0

Action                     |  1- 3 |  4- 6 || total
---------------------------+-------+-------++-------
  Melee: War axe           |    77 |   191 ||   268
         Headbutt          |    11 |    16 ||    27
    Use: Potion            |       |     1 ||     1
 Armour: Scale mail        |    37 |    84 ||   121
  Dodge: Dodged            |    41 |    84 ||   125
  Block: Buckler           |    14 |    48 ||    62

Table legend: (Time is in decaauts)
 A = Elapsed time spent in this place.
 B = Non-inter-level travel time spent in this place.
 C = Inter-level travel time spent in this place.
 D = Time resting spent in this place.
 E = Time spent auto-exploring this place.
 F = Levels seen in this place.
 G = Mean time per level.
                   A        B        C        D        E       F      G
               +--------+--------+--------+--------+--------+-----+--------+
         Total |   2186 |   2147 |     39 |      0 |   1451 |   5 |  437.2 |
       Dungeon |   1596 |   1557 |     39 |      0 |   1103 |   4 |  399.0 |
         Sewer |    590 |    590 |      0 |      0 |    348 |   1 |  590.0 |
               +--------+--------+--------+--------+--------+-----+--------+

Top non-repeatable levels by time:
   Sewer: 590 daAuts
     D:2: 582 daAuts
     D:1: 546 daAuts
     D:3: 261 daAuts
     D:4: 206 daAuts
